Map: Arctic Dream LE

Players

Swoopster

  • Race: Protoss Protoss
  • League: Platinum
  • Spawn Location: 12:00

Ottavian

  • Race: Protoss Protoss
  • League: Diamond
  • Spawn Location: 11:00

MattBarry

  • Race: Protoss Protoss
  • Spawn Location: 5:00

MattBarry

  • Race: Zerg Zerg
  • Spawn Location: 6:00

VOD

Have the link to the VOD?

Description

Time

  • Played on: Dec. 22, 2022, 7:55 p.m.
  • Length: 7:31
Show
View Real Time Build Order
Export as new Build Order

Swoopster Protoss 

Build Orders: Oracle Opening 

Get SALT Encoding   

  12  0:00  Probe  
  13  0:13  Probe  
  14  0:19  Pylon  
  14  0:25  Probe  
  15  0:37  Probe  
  15  0:40  Gateway  
  17  0:50  Probe (Chrono Boost)  
  17  0:51  Assimilator  
  17  1:01  Probe (Chrono Boost)  
  18  1:21  Probe  
  19  1:30  Cybernetics Core  
  19  1:34  Probe  
  20  1:48  Zealot  
  20  1:50  Probe  
  20  1:51  Nexus  
  23  1:56  Assimilator  
  23  2:09  Pylon  
  23  2:12  Warp Gate  
  23  2:25  Pylon, Stalker (Chrono Boost)  
  23  2:27  Probe  
  26  2:37  Shield Battery  
  26  2:39  Probe  
  27  2:50  Stargate  
  27  2:51  Probe  
  28  3:03  Zealot, Probe  
  31  3:15  Probe  
  31  3:16  Probe  
  31  3:19  Pylon  
  33  3:28  Probe  
  33  3:29  Twilight Council  
  33  3:33  Oracle (Chrono Boost)  
  34  3:40  Probe  
  38  3:42  Zealot  
  40  3:54  Probe  
  40  3:55  Probe  
  42  4:03  Oracle  
  42  4:06  Probe (Chrono Boost)  
  42  4:07  Probe (Chrono Boost)  
  47  4:17  Assimilator  
  47  4:19  Probe x2 (Chrono Boost)  
  47  4:22  Pylon  
  49  4:24  Pylon  
  49  4:27  Stalker, Probe x2 (Chrono Boost)  
  53  4:33  Probe x2  
  53  4:37  Charge  
  55  4:43  Forge  
  55  4:45  Probe x2  
  57  4:53  Pylon  
  57  4:57  Probe x2  
  59  5:00  Assimilator  
  59  5:03  Zealot  
  61  5:09  Probe x2  
  61  5:10  Gateway  
  63  5:43  Zealot  
  69  5:53  Void Ray (Chrono Boost)  
  69  6:02  Gateway  
  69  6:03  Gateway  
  69  6:08  Probe  
  70  6:21  Stalker x2  
  70  6:24  Probe  
  75  6:27  Nexus  
  75  6:29  Pylon  
  75  6:32  Pylon  
  79  6:33  Void Ray (Chrono Boost)  
  79  6:40  Probe x2  
  81  6:52  Stargate  
  81  6:55  Pylon  
  81  6:57  Pylon, Probe x2  
  83  7:02  Stalker x2  
  83  7:03  Stalker x2  
Show
View Real Time Build Order
Export as new Build Order

Ottavian Protoss 

Build Orders: 1 Gate Expand 

Get SALT Encoding   

  12  0:01  Probe  
  13  0:13  Probe  
  14  0:18  Pylon  
  14  0:25  Probe  
  15  0:37  Probe (Chrono Boost)  
  15  0:38  Gateway  
  16  0:47  Assimilator, Probe (Chrono Boost)  
  17  0:52  Probe (Chrono Boost)  
  18  1:03  Pylon  
  18  1:05  Probe  
  19  1:29  Nexus  
  19  1:31  Probe  
  20  1:44  Cybernetics Core  
  20  1:50  Probe  
  21  1:56  Assimilator  
  21  2:00  Gateway  
  21  2:03  Probe  
  22  2:19  Pylon  
  22  2:22  Twilight Council  
  22  2:24  Adept (Chrono Boost)  
  24  2:31  Probe  
  25  2:38  Warp Gate  
  25  2:43  Probe x2  
  27  2:49  Stalker  
  29  2:58  Shield Battery, Probe  
  30  2:59  Probe  
  31  3:09  Robotics Facility  
  31  3:12  Probe  
  32  3:15  Probe  
  33  3:26  Probe  
  33  3:27  Resonating Glaives, Probe  
  35  3:38  Gateway, Probe  
  35  3:39  Probe  
  37  3:45  Gateway  
  37  3:52  Gateway  
  37  3:56  Probe x2  
  39  4:05  Warp Prism (Chrono Boost)  
  39  4:08  Probe x2  
  43  4:20  Probe x2  
  43  4:21  Pylon  
  45  4:24  Pylon  
  45  4:27  Assimilator  
  45  4:28  Assimilator  
  45  4:31  Pylon  
  45  4:34  Dark Shrine  
  45  4:37  Adept  
  47  4:43  Adept  
  49  4:51  Immortal  
  49  4:52  Probe  
  54  4:53  Probe  
  55  5:04  Probe  
  55  5:05  Probe  
  55  5:06  Adept x3  
  63  5:16  Probe  
  63  5:17  Probe  
  65  5:31  Adept x5  
  75  5:52  Dark Templar  
  77  5:59  Pylon  
  77  6:04  Probe  
  78  6:07  Pylon  
  78  6:10  Pylon  
  78  6:17  Probe  
  79  6:19  Dark Templar x3  
  81  6:26  Adept x2  
  81  6:27  Nexus  
  71  6:42  Pylon  
  71  6:44  Pylon, Probe  
  71  6:45  Probe  
  69  6:47  Dark Templar x2  
  69  6:48  Assimilator  
  69  6:50  Assimilator  
  73  7:00  Forge  
  69  7:05  Gateway  
  69  7:06  Pylon, Probe x2  
  69  7:09  Pylon  
  63  7:28  Dark Templar x2  
  67  7:30  Zealot x3  
Show
View Real Time Build Order
Export as new Build Order

MattBarry Protoss 

Build Orders:  

Get SALT Encoding   

  12  0:00  Probe  
  13  0:12  Probe  
  14  0:17  Pylon  
  14  0:24  Probe  
  15  0:36  Probe (Chrono Boost)  
  15  0:38  Gateway  
  16  0:48  Probe (Chrono Boost)  
  17  0:50  Assimilator  
  17  0:53  Probe (Chrono Boost)  
  18  0:59  Pylon  
  18  1:03  Probe  
  19  1:15  Probe  
  20  1:25  Cybernetics Core  
  20  1:26  Zealot  
  20  1:29  Probe  
  23  1:41  Probe  
  24  1:56  Nexus  
  24  2:00  Adept (Chrono Boost), Warp Gate (Chrono Boost)  
  24  2:06  Probe  
  27  2:14  Pylon  
  27  2:18  Probe  
  27  2:21  Adept  
  28  2:29  Assimilator  
  30  2:30  Probe  
  31  2:43  Probe  
  32  2:51  Pylon, Stalker  
  34  2:58  Probe  
  35  3:11  Probe x2  
  37  3:17  Gateway x2  
  37  3:25  Probe x2  
  39  3:37  Probe x2  
  41  3:53  Probe x2  
  41  3:55  Assimilator  
  43  3:59  Assimilator  
  43  4:00  Stalker  
  43  4:01  Pylon  
  43  4:02  Pylon  
  45  4:05  Probe x2  
  47  4:12  Forge  
  47  4:14  Robotics Facility  
  47  4:17  Probe x2  
  49  4:29  Probe x2  
  49  4:30  Stargate  
  49  4:31  Stargate  
  51  4:37  Stalker  
  53  4:39  Sentry  
  53  4:40  Sentry  
  53  4:41  Probe x2  
  59  4:54  Probe x2  
  61  5:06  Probe x2  
  63  5:12  Observer  
  64  5:14  Stalker x3  
  65  5:29  Phoenix x2  
  67  5:48  Stalker x2  
  67  5:49  Stalker  
  73  6:07  Probe  
  73  6:10  Void Ray  
  78  6:12  Pylon x2  
  78  6:13  Probe  
  75  6:19  Probe  
  76  6:33  Pylon  
  76  6:35  Stalker  
  76  6:36  Stalker x2  
  78  6:49  Observer  
Show
View Real Time Build Order
Export as new Build Order

MattBarry Zerg 

Build Orders: Hatch First 

Get SALT Encoding   

  12  0:02  Drone  
  13  0:12  Overlord  
  13  0:17  Drone  
  14  0:32  Drone  
  15  0:49  Hatchery  
  14  0:55  Drone  
  15  1:05  Spawning Pool  
  15  1:09  Drone  
  15  1:14  Drone  
  15  1:17  Drone  
  17  1:26  Extractor  
  16  1:44  Drone  
  17  1:52  Queen  
  19  1:57  Overlord  
  19  1:59  Drone  
  19  2:00  Drone  
  21  2:03  Extractor  
  20  2:13  Evolution Chamber  
  19  2:21  Zergling x4  
  19  2:22  Zergling x2  
  22  2:28  Queen  
  24  2:35  Drone  
  24  2:36  Zergling x2  
  26  2:37  Drone x2  
  28  2:48  Metabolic Boost  
  28  2:58  Drone  
  29  2:59  Zergling x2, Drone  
  29  3:05  Drone  
  32  3:12  Zerg Melee Weapons Level 1  
  32  3:34  Drone x3  
  32  3:35  Evolution Chamber, Drone, Overlord  
  34  3:48  Roach Warren  
  33  3:59  Drone  
  33  4:00  Drone  
  35  4:04  Zerg Ground Armor Level 1  
  35  4:23  Hatchery  
  34  4:28  Drone x2  
  34  4:29  Drone  
  34  4:30  Zergling x4  
  39  4:38  Lair  
  39  5:27  Zergling x2  
  39  5:28  Zergling x8  
  18  5:59  Zergling x20  
  18  6:00  Zergling x8  
  11  6:26  Zergling x2  
  11  6:27  Zergling x12  
  18  6:47  Overseer  
  15  7:05  Drone x3  
Tags
 
Add a new tag
Caveats
  • Supply blocks, unpowered buildings, or Contaminate may cause inaccurate times.
  • Supply counts are checked every 10 seconds.